 Dungeon Crawl Stone Soup version 0.25.0-41-g26779e291d (webtiles) character file.

Game seed: 12537236158788655021

1713 KleinerIrrer the Chiller (level 9, -2/65 HPs)
             Began as a Gnoll Ice Elementalist on July 10, 2020.
             Was a Priest of Okawaru.
             Slain by an ogre
             ... wielding a +0 giant club
              (30 damage)
             ... on level 5 of the Dungeon.
             The game lasted 00:16:08 (5543 turns).

KleinerIrrer the Chiller (Gnoll Ice Elementalist)   Turns: 5543, Time: 00:16:08

Health: -2/65      AC:  3    Str: 11    XL:     9   Next: 4%
Magic:  16/18      EV: 16    Int: 26    God:    Okawaru [***...]
Gold:   133        SH:  0    Dex: 22    Spells: 5/20 levels left

rFire    . . .     SeeInvis .   q - +4 spear
rCold    . . .     Gourm    .   (no shield)
rNeg     . . .     Faith    .   f - +0 leather armour
rPois    .         Spirit   .   (no helmet)
rElec    .         Reflect  .   (no cloak)
rCorr    .         Harm     .   (no gloves)
MR       .....                  (no boots)
Stlth    +++.......             (no amulet)
HPRegen  0.20/turn              u - +6 ring of dexterity
MPRegen  0.16/turn              m - +6 ring of intelligence

@: no status effects
A: distributed training, fangs 1, strong nose
a: Heroism, Renounce Religion


You were on level 5 of the Dungeon.
You worshipped Okawaru.
Okawaru was most pleased with you.
You were hungry.

You visited 1 branch of the dungeon, and saw 5 of its levels.

You collected 133 gold pieces.

Inventory:

Hand Weapons
 q - a +4 spear (weapon)
Missiles
 h - 127 stones (quivered)
 t - a throwing net
Armour
 e - the +5 chain mail of Ceffebb {Dex+7}
   (You found it on level 4 of the Dungeon)

   It affects your dexterity (+7).
 f - a +0 leather armour (worn)
Jewellery
 m - a +6 ring of intelligence (right hand)
 u - a +6 ring of dexterity (left hand)
 z - a +6 ring of strength {unknown}
Wands
 n - a wand of enslavement (10)
 v - a wand of iceblast (7)
 C - a wand of disintegration (10)
Scrolls
 b - a scroll of magic mapping {unknown}
 d - 2 scrolls of remove curse
 j - 2 scrolls of amnesia {unknown}
 k - 3 scrolls of enchant armour {unknown}
 l - 2 scrolls of fog {unknown}
 r - a scroll of identify
 s - 2 scrolls of teleportation {unknown}
 w - a scroll of blinking {unknown}
 y - a scroll of noise {unknown}
 A - a scroll of immolation {unknown}
 B - a scroll of acquirement {unknown}
 D - a scroll of enchant weapon {unknown}
Potions
 a - a potion of lignification {unknown}
 g - 3 potions of curing
 i - 2 potions of flight
 o - a potion of magic
 p - a potion of cancellation {unknown}
 x - a potion of stabbing {unknown}
Comestibles
 c - 9 rations


   Skills:
 + Level 3.7 Fighting
 + Level 3.7 Short Blades
 + Level 3.7 Long Blades
 + Level 3.7 Axes
 + Level 3.7 Maces & Flails
 + Level 3.7 Polearms
 + Level 3.7 Staves
 + Level 3.7 Slings
 + Level 3.7 Bows
 + Level 3.7 Crossbows
 + Level 3.7 Throwing
 + Level 3.7 Armour
 + Level 6.0 Dodging
 + Level 5.7 Stealth
 + Level 3.7 Shields
 + Level 3.7 Unarmed Combat
 + Level 6.3 Spellcasting
 + Level 3.1 Conjurations
 + Level 3.1 Hexes
 + Level 3.1 Charms
 + Level 3.1 Summonings
 + Level 3.1 Necromancy
 + Level 3.1 Translocations
 + Level 3.1 Transmutations
 + Level 3.1 Fire Magic
 + Level 7.8 Ice Magic
 + Level 3.1 Air Magic
 + Level 3.1 Earth Magic
 + Level 3.1 Poison Magic
 + Level 4.1 Invocations
 + Level 3.7 Evocations


You had 5 spell levels left.
You knew the following spells:

 Your Spells              Type           Power        Failure   Level  Hunger
a - Freeze                Ice            ####         1%          1    None
b - Frozen Ramparts       Ice            #####.       1%          3    None
c - Ozocubu's Armour      Chrm/Ice       #####...     2%          3    None
d - Summon Ice Beast      Ice/Summ       #####...     9%          4    ###....
e - Hailstorm             Conj/Ice       #####...     9%          4    ###....

Your spell library contained the following spells:

 Spells                   Type           Power        Failure   Level  Hunger


Dungeon Overview and Level Annotations

Branches:
Dungeon (5/15)             Temple (0/1) D:4

Altars:
Dithmenos
Fedhas
Okawaru
Ru

Annotations:
D:3 1 runed translucent door, tape's ghost, amateur HuMo


Innate Abilities, Weirdness & Mutations

Your experience applies equally to all skills.
You have very sharp teeth.
Your uncanny sense of smell can sniff out nearby items.


Message History

You hit the ogre.
The ogre is heavily wounded.
The ogre hits you with a +0 giant club!!
Casting: Frozen Ramparts (safe; 1% risk of failure)
Confirm with . or Enter, or press ? or * to list all spells.
Aiming: Freeze (safe; 1% risk of failure)
Press: ? - help, Shift-Dir - straight line, f - ogre
Aim: an ogre, wielding a +0 giant club (heavily wounded)
You freeze the ogre!
The ogre is severely wounded.
The ogre barely misses you.
Casting: Freeze (safe; 1% risk of failure)
Confirm with . or Enter, or press ? or * to list all spells.
Aiming: Freeze (safe; 1% risk of failure)
Press: ? - help, Shift-Dir - straight line, f/p - ogre
Aim: an ogre, wielding a +0 giant club (severely wounded)
You freeze the ogre!
The ogre is almost dead.
The ogre hits you with a +0 giant club!!
You die...

#.# ♣♣≈P♣##[........#..
#.# ♣≈.♣ ##...........
#.# ♣♣≈P♣ ##..#......♣
#.♣♣♣♣♣≈≈♣♣♣ ♣♣.##.....≈≈
#..≈♣P≈≈≈.P♣♣♣P##.......≈
#..≈....≈≈≈≈≈≈..###......
##♣≈♣♣♣≈≈≈≈PP.P...#......
♣♣♣ ♣≈≈P♣♣♣♣♣#..#≈♣≈≈P.
♣♣@♣♣ #..≈≈≈≈≈PP ♣O♣
##♣P≈≈P≈≈≈ ≈.♣
#####..♣≈≈≈≈≈≈ ♣♣.♣
........♣≈♣PP≈ #..
.#........♣♣P≈ ###
##......#####
###.......## #.........
#..........


You could see an ogre.

Vanquished Creatures
  Pikel (D:5)
  4 slaves (D:4)
  A sky beast (D:5)
  A phantom (D:5)
  An ice beast (D:3)
  3 ogres
  Blork the orc (D:5)
  2 scorpions
  A crimson imp (D:5)
  A jelly (D:5)
  An orc priest (D:4)
  3 orc wizards
  A bullfrog skeleton (D:4)
  An iguana (D:4)
  Ijyb (D:5)
  Terence (D:2)
  2 worker ants
  A hound zombie (D:5)
  A worker ant zombie (D:5)
  4 gnolls (D:2)
  9 adders
  2 adder zombies
  An adder skeleton (D:4)
  2 worms
  2 dart slugs
  3 leopard geckos
  17 orcs
  3 giant cockroaches
  5 goblins
  6 hobgoblins
  3 jackals (D:4)
  6 kobolds
  3 quokkas
  10 bats
  5 frilled lizards
  7 rats
116 creatures vanquished.

Vanquished Creatures (others)
  2 plants (D:5)
2 creatures vanquished.

Grand Total: 118 creatures vanquished

Notes
Turn   | Place    | Note
-------+----------+-------------------------------------------
     0 | D:1      | KleinerIrrer the Gnoll Ice Elementalist began the quest for
                  | the Orb.
     0 | D:1      | Reached XP level 1. HP: 13/13 MP: 6/6
   245 | D:1      | Reached XP level 2. HP: 18/19 MP: 5/7
   700 | D:1      | Reached XP level 3. HP: 25/25 MP: 9/9
   865 | D:1      | Reached skill level 5 in Spellcasting
   924 | D:1      | Learned a level 3 spell: Frozen Ramparts
   989 | D:2      | Reached skill level 1 in Invocations
  1110 | D:2      | Reached skill level 1 in Fighting
  1110 | D:2      | Reached skill level 1 in Short Blades
  1110 | D:2      | Reached skill level 1 in Long Blades
  1110 | D:2      | Reached skill level 1 in Axes
  1110 | D:2      | Reached skill level 1 in Maces & Flails
  1110 | D:2      | Reached skill level 1 in Polearms
  1110 | D:2      | Reached skill level 1 in Staves
  1110 | D:2      | Reached skill level 1 in Slings
  1110 | D:2      | Reached skill level 1 in Bows
  1110 | D:2      | Reached skill level 1 in Crossbows
  1110 | D:2      | Reached skill level 1 in Throwing
  1110 | D:2      | Reached skill level 1 in Armour
  1110 | D:2      | Reached skill level 1 in Shields
  1110 | D:2      | Reached skill level 1 in Unarmed Combat
  1110 | D:2      | Reached skill level 1 in Evocations
  1113 | D:2      | Reached XP level 4. HP: 32/32 MP: 7/11
  1241 | D:2      | Reached skill level 1 in Conjurations
  1241 | D:2      | Reached skill level 1 in Hexes
  1241 | D:2      | Reached skill level 1 in Charms
  1241 | D:2      | Reached skill level 1 in Summonings
  1241 | D:2      | Reached skill level 1 in Necromancy
  1241 | D:2      | Reached skill level 1 in Translocations
  1241 | D:2      | Reached skill level 1 in Transmutations
  1241 | D:2      | Reached skill level 1 in Fire Magic
  1241 | D:2      | Reached skill level 1 in Air Magic
  1241 | D:2      | Reached skill level 1 in Earth Magic
  1241 | D:2      | Reached skill level 1 in Poison Magic
  1311 | D:2      | Reached XP level 5. HP: 35/37 MP: 5/12
  1482 | D:2      | Found an iron altar of Okawaru.
  1484 | D:2      | Found a blossoming altar of Fedhas.
  1493 | D:2      | Noticed Terence
  1495 | D:2      | Became a worshipper of Warmaster Okawaru
  1503 | D:2      | Killed Terence
  1792 | D:2      | Found a sacrificial altar of Ru.
  2088 | D:3      | Found a shadowy altar of Dithmenos.
  2091 | D:3      | Noticed an ice beast
  2163 | D:2      | Learned a level 3 spell: Ozocubu's Armour
  2168 | D:2      | Learned a level 4 spell: Summon Ice Beast
  2315 | D:3      | Reached XP level 6. HP: 44/44 MP: 13/13
  2437 | D:3      | Found a runed translucent door.
  2439 | D:3      | Noticed tape's ghost (amateur HuMo)
  2729 | D:3      | Killed an ice beast
  2729 | D:3      | Reached skill level 5 in Dodging
  2994 | D:4      | Reached XP level 7. HP: 50/50 MP: 11/15
  3000 | D:4      | Got a distressingly furry chain mail
  3586 | D:4      | Identified the +5 chain mail of Ceffebb {Dex+7} (You found
                  | it on level 4 of the Dungeon)
  3631 | D:4      | Found a staircase to the Ecumenical Temple.
  4199 | D:5      | Entered Level 5 of the Dungeon
  4199 | D:5      | Noticed Pikel
  4446 | D:5      | Killed Pikel
  4446 | D:5      | Reached * piety under Okawaru
  4446 | D:5      | Reached ** piety under Okawaru
  4446 | D:5      | Reached skill level 5 in Stealth
  4446 | D:5      | Reached XP level 8. HP: 47/58 MP: 10/16
  4814 | D:5      | Reached *** piety under Okawaru
  5020 | D:5      | Noticed Ijyb
  5039 | D:5      | Killed Ijyb
  5080 | D:5      | Noticed Blork the orc
  5131 | D:5      | Killed Blork the orc
  5248 | D:5      | Learned a level 4 spell: Hailstorm
  5365 | D:5      | Reached XP level 9. HP: 45/65 MP: 13/18
  5543 | D:5      | Slain by an ogre

Illustrated notes

Levels and vault maps discovered:
D:1:      tarquinn_simple_flora_water_d, layout_loops_ring
D:2:      layout_rooms, okawaru_ov_weapons_minmay, lemuel_doored_altar,
          nicolae_ru_path_of_blood, uniq_terence
D:3:      layout_basic, grunt_dithmenos_smoke, ebering_ghost_reflecting_pool
D:4:      layout_basic, minmay_temple_entry_hall
D:5:      layout_cave_pools, tgw_sif, serial_bayou, serial_bayou_pond_c,
          serial_bayou_crossing, serial_bayou_pond_c, serial_bayou_ford_a,
          first_ration, uniq_ijyb, uniq_blork_the_orc, uniq_pikel,
          uniq_crazy_yiuf_cottage

Skill      XL: |  1  2  3  4  5  6  7  8 |
---------------+-------------------------+-----
Spellcasting   | 5 6 |  6.3
Invocations    | 1 2 3 4 |  4.1
Fighting       | 1 2 3 |  3.7
Short Blades   | 1 2 3 |  3.7
Long Blades    | 1 2 3 |  3.7
Axes           | 1 2 3 |  3.7
Maces & Flails | 1 2 3 |  3.7
Polearms       | 1 2 3 |  3.7
Staves         | 1 2 3 |  3.7
Slings         | 1 2 3 |  3.7
Bows           | 1 2 3 |  3.7
Crossbows      | 1 2 3 |  3.7
Throwing       | 1 2 3 |  3.7
Armour         | 1 2 3 |  3.7
Shields        | 1 2 3 |  3.7
Unarmed Combat | 1 2 3 |  3.7
Evocations     | 1 2 3 |  3.7
Conjurations   | 1 2 3 |  3.1
Hexes          | 1 2 3 |  3.1
Charms         | 1 2 3 |  3.1
Summonings     | 1 2 3 |  3.1
Necromancy     | 1 2 3 |  3.1
Translocations | 1 2 3 |  3.1
Transmutations | 1 2 3 |  3.1
Fire Magic     | 1 2 3 |  3.1
Air Magic      | 1 2 3 |  3.1
Earth Magic    | 1 2 3 |  3.1
Poison Magic   | 1 2 3 |  3.1
Dodging        | 5 6 |  6.0
Stealth        | 5 |  5.7
Ice Magic      | |  7.8

Action                   |  1- 3 |  4- 6 |  7- 9 || total
-------------------------+-------+-------+-------++-------
Melee: Club              |     8 |       |       ||     8
       Bite              |     8 |     7 |    16 ||    31
       Unarmed           |     2 |       |       ||     2
       Dagger            |    71 |    22 |       ||    93
       Spear             |       |    65 |   144 ||   209
       Punch             |       |     1 |       ||     1
Throw: Stone             |    13 |     9 |     3 ||    25
 Cast: Freeze            |    11 |     1 |     9 ||    21
       Frozen Ramparts   |     3 |    12 |    21 ||    36
       Summon Ice Beast  |       |     1 |       ||     1
       Ozocubu's Armour  |       |     1 |       ||     1
  Use: Scroll            |       |     4 |     2 ||     6
 Stab: Sleeping          |     3 |     7 |     2 ||    12
  Eat: Chunk             |     1 |     6 |     8 ||    15
Armor: Leather armour    |    16 |     9 |    11 ||    36
       Robe              |     1 |       |       ||     1
Dodge: Dodged            |    64 |    66 |    97 ||   227
